 Dungeon Crawl Stone Soup version 0.31-a0-870-g10ed682358 (webtiles) character file.

Game seed: 13388688064253030164

424 Bnni the Vexing (level 7, 0/52 HPs)
             Began as a Formicid Hexslinger on Oct 12, 2023.
             Succumbed to a water moccasin's poison
             ... on level 4 of the Dungeon.
             The game lasted 00:04:25 (3300 turns).

Bnni the Vexing (Formicid Hexslinger)               Turns: 3300, Time: 00:04:26

Health: 0/52       AC:  3    Str: 13    XL:     7   Next: 17%
Magic:  7/11       EV: 12    Int: 12    God:
Gold:   192        SH:  0    Dex: 18    Spells: 2/11 levels left

rFire   . . .        a - +1 sling
rCold   . . .        (no shield)
rNeg    . . .        c - +0 robe
rPois   .            (helmet unavailable)
rElec   .            (no cloak)
rCorr   .            (no gloves)
SInv    +            m - +0 pair of boots
Will    .....        (no amulet)
Stlth   ++           (no ring)
HPRegen 0.28/turn    (no ring)
MPRegen 0.12/turn

%: no passive effects
@: lethally poisoned (0 -> -11), weak-willed, jinxed, invisible
A: permanent stasis, dig shafts and tunnels, antennae 3, four strong arms
a: Dig, Shaft Self


You were on level 4 of the Dungeon.
You visited 1 branch of the dungeon, and saw 4 of its levels.

You collected 192 gold pieces.

Inventory:

Hand Weapons
 a - a +1 sling (weapon)
 i - a +1 spear of venom
Missiles
 h - a throwing net
 l - 6 poisoned darts
Armour
 c - a +0 robe (worn)
 m - a +0 pair of boots (worn)
Scrolls
 b - a scroll of poison
 e - a scroll of blinking {unknown}
 j - 4 scrolls of vulnerability
 k - 2 scrolls of teleportation {unknown}
 n - a scroll of fear {unknown}
 o - a scroll of brand weapon {unknown}
 q - a scroll of enchant armour {unknown}
 r - a scroll of fog {unknown}
Potions
 d - a potion of magic
 f - a potion of attraction


   Skills:
 + Level 3.0 Fighting
 * Level 4.4 Ranged Weapons
 - Level 1.7 Dodging
 + Level 2.8 Spellcasting
 * Level 6.0 Hexes
 - Level 1.0 Fire Magic


You had 2 spell levels left.
You knew the following spells:

 Your Spells              Type           Power      Damage    Failure   Level
a - Jinxbite              Hex            32%        N/A       3%          2
b - Inner Flame           Hex/Fire       10%        N/A       19%         3
d - Cause Fear            Hex            8%         N/A       22%         4

Your spell library contained the following spells:

 Spells                   Type           Power      Damage    Failure   Level
 Lesser Beckoning         Tloc           2%         N/A       36%         2
 Sigil of Binding         Hex            16%        N/A       6%          3
 Gell's Gravitas          Tloc           1%         N/A       58%         3
 Teleport Other           Tloc           1%         N/A       58%         3
 Dimensional Bullseye     Hex/Tloc       4%         N/A       58%         4


Dungeon Overview and Level Annotations

Branches:
Dungeon (4/15)
 Temple: D:4-7

Altars:
Elyvilon
Sif Muna
Yredelemnul

Shops:
D:3 ([

Annotations:
D:4 3 runed translucent doors, flt's ghost, amateur DgFE


Innate Abilities, Weirdness & Mutations

You cannot be hasted, slowed, berserked, paralysed or teleported.
You can dig through walls and to a lower floor.
You have a pair of large antennae on your head. (SInv)
Your four strong arms can wield two-handed weapons with a shield.


Message History

You shoot a sling bullet.
The sling bullet hits the water moccasin.
The water moccasin is severely wounded.
You feel very sick. The water moccasin barely misses you.
The water moccasin bites you!
* * * LOW HITPOINT WARNING * * *
Fire: a) +1 sling
Press: ? - help, Shift-Dir - straight line, f/p - water moccasin
Aim: a water moccasin (severely wounded, chance to call a sprite on attack: 50%, 46% to hit)
You shoot a sling bullet.
The sling bullet completely misses the water moccasin.
You feel sick. The water moccasin bites you.
* * * LOW HITPOINT WARNING * * *
The water moccasin closely misses you.
You fade into invisibility!
You feel sick. The water moccasin barely misses you.
Casting: Jinxbite (safe; 3% risk of failure)
Confirm with . or Enter, or press ? or * to list all spells.
You beckon more vexing sprites to accompany your attacks.
You feel your willpower being sapped.
You feel sick. The water moccasin barely misses you.
The water moccasin bites you.
* * * LOW HITPOINT WARNING * * *
Fire: a) +1 sling
Press: ? - help, Shift-Dir - straight line, f/p - water moccasin
Aim: a water moccasin (severely wounded, unable to see you, chance to call a sprite on attack: 50%, 46% to hit)
You shoot a sling bullet.
The sling bullet barely misses the water moccasin.
You feel sick. The water moccasin bites you.
* * * LOW HITPOINT WARNING * * *
You are more poisoned.
The water moccasin poisons you!
Unknown command.
Fire: a) +1 sling
Press: ? - help, Shift-Dir - straight line, f/p - water moccasin
Aim: a water moccasin (severely wounded, unable to see you, chance to call a sprite on attack: 50%, 46% to hit)
You shoot a sling bullet.
The sling bullet misses the water moccasin.
A giggling sprite leaps out and makes the water moccasin trip over its own tail.
The water moccasin is severely wounded.
You die...

+..+.#.#######....#.#.###
#.# #..#......#
##.#.#.#...# #.#
#..#......#
#.#.#.#...###.#
#..#......#
#.#.#.#.#.....#
'##'.######
#.#.#.#.#.##### .).###
..#.#.#.#.# ...#
#....#.#.#.# +###
#.####.#.#.# .#
#..@...#.#.# #######
......S#####.#.# ......#
####... #.#># .(....#
#... #.#.# ......# .....
#...# ####### #.#.##
##### ...#. .. #.


You could see a water moccasin (unable to see you, very drained).

Vanquished Creatures
  Pargi (D:3)
  An ogre (D:3)
  A scorpion (D:4)
  A hound (D:4)
  An orc wizard (D:3)
  A sleepcap (D:4)
  5 adders
  13 orcs
  4 endoplasms
  2 giant cockroaches
  A goblin (D:4)
  4 hobgoblins
  2 kobolds
  2 quokkas (D:3)
  7 ball pythons
  5 bats
  2 frilled lizards
  3 rats
56 creatures vanquished.

Vanquished Creatures (others)
  A hobgoblin (D:3)
  A quokka (D:3)
2 creatures vanquished.

Grand Total: 58 creatures vanquished

Notes
Turn   | Place    | Note
-------+----------+-------------------------------------------
     0 | D:1      | Bnni the Formicid Hexslinger began the quest for the Orb.
     0 | D:1      | Reached XP level 1. HP: 15/15 MP: 2/2
   613 | D:1      | Reached XP level 2. HP: 21/21 MP: 3/3
   616 | D:1      | Learned a level 2 spell: Jinxbite
   707 | D:2      | Reached skill level 4 in Hexes
   885 | D:2      | Reached XP level 3. HP: 26/26 MP: 5/5
  1289 | D:3      | Found Xadauw's Antique Weapon Boutique.
  1367 | D:3      | Reached XP level 4. HP: 33/33 MP: 3/6
  1677 | D:3      | Reached XP level 5. HP: 13/38 MP: 0/7
  1772 | D:3      | Found a white marble altar of Elyvilon.
  1775 | D:3      | Found Cosmeg's Antique Armour Emporium.
  1912 | D:3      | Noticed Pargi
  1938 | D:3      | Killed Pargi
  1939 | D:3      | Reached skill level 5 in Hexes
  1939 | D:3      | Reached XP level 6. HP: 21/46 MP: 1/9
  2256 | D:3      | Learned a level 3 spell: Inner Flame
  2261 | D:3      | Learned a level 4 spell: Cause Fear
  2625 | D:4      | Noticed an ogre
  2682 | D:3      | Killed an ogre
  2861 | D:4      | Found a basalt altar of Yredelemnul.
  2901 | D:4      | Reached XP level 7. HP: 43/51 MP: 10/10
  3016 | D:4      | Found a runed translucent gate.
  3018 | D:4      | Found a runed translucent gate.
  3023 | D:4      | Found a runed translucent gate.
  3024 | D:4      | Noticed flt's ghost (amateur DgFE)
  3053 | D:4      | Found a shimmering blue altar of Sif Muna.
  3151 | D:4      | Reached skill level 6 in Hexes
  3281 | D:4      | Noticed a water moccasin
  3300 | D:4      | Succumbed to a water moccasin's poison

Illustrated notes

Levels and vault maps discovered:
D:1:      onia_arrival_pyramid, layout_basic
D:2:      layout_rooms, minmay_misc_feat_diagonals
D:3:      layout_loops_corners, elyvilon_altar_4, serial_shops,
          nicolae_shop_competitors_out_of_business, shop, uniq_pargi
D:4:      layout_basic, mainiacjoe_overflow_24_doors, overflow_temple_1_default,
          kennysheep_mini, gammafunk_ghost_nasty_kobolds

Skill      XL: |  1  2  3  4  5  6  7 |
---------------+----------------------+-----
Hexes          | 4 5 6 |  6.0
Fighting       | 2 3 |  3.0
Ranged Weapons | 3 4 |  4.4
Spellcasting   | 2 |  2.8
Dodging        | |  1.7
Fire Magic     | |  1.0

Action                     |  1- 3 |  4- 6 |  7- 9 || total
---------------------------+-------+-------+-------++-------
   Fire: Sling             |    54 |   120 |    48 ||   222
   Cast: Jinxbite          |     2 |     9 |     5 ||    16
    Use: Scroll            |       |     4 |     1 ||     5
         Potion            |       |       |     1 ||     1
 Armour: Robe              |    28 |    59 |    27 ||   114
  Dodge: Dodged            |    17 |    91 |    27 ||   135

Table legend: (Time is in decaauts)
 A = Elapsed time spent in this place.
 B = Non-inter-level travel time spent in this place.
 C = Inter-level travel time spent in this place.
 D = Time resting spent in this place.
 E = Time spent auto-exploring this place.
 F = Levels seen in this place.
 G = Mean time per level.
                   A        B        C        D        E       F      G
               +--------+--------+--------+--------+--------+-----+--------+
         Total |   3355 |   3264 |     91 |    153 |   2614 |   4 |  838.8 |
       Dungeon |   3355 |   3264 |     91 |    153 |   2614 |   4 |  838.8 |
               +--------+--------+--------+--------+--------+-----+--------+

Top non-repeatable levels by time:
     D:3: 1459 daAuts
     D:1: 694 daAuts
     D:2: 610 daAuts
     D:4: 590 daAuts
